 Dungeon Crawl Stone Soup version 0.16.0-12-g7215832 (webtiles) character file.

1187 valak23 the Covert (level 8, -11/52 HPs)
             Began as an Octopode Assassin on Mar 19, 2015.
             Killed by nerve-wracking pain
             ... invoked by an orc priest
              (13 damage)
             ... on level 5 of the Dungeon.
             The game lasted 00:25:25 (4198 turns).

valak23 the Covert (Octopode Assassin)              Turns: 4198, Time: 00:25:25

Health: -11/52     AC:  5    Str: 10    XL:     8   Next: 43%
Magic:  0/8        EV: 13    Int: 14    God:
Gold:   81         SH:  0    Dex: 12    Spells: 0 memorised, 7 levels left

rFire  . . .     SeeInvis .     s - +1 dagger (venom)
rCold  . . .     Clarity  .     (no shield)
rNeg   . . .     SustAb   .     (helmet restricted)
rPois  .         Gourm    .     G - amulet of guardian spirit
rElec  .         Spirit   +     (no ring)
rCorr  .         Warding  .     (no ring)
rMut   .         Stasis   .     (no ring)
MR     .....                    (no ring)
Stlth  ++++++....               (no ring)
                                (no ring)
                                (no ring)
                                (no ring)

@: not resistant to hostile enchantments, very stealthy
A: almost no armour, amphibious, 8 rings, constrict 8, rough black scales 1,
camouflage 1, clumsy 1, gelatinous body 1, no device heal 1
a: no special abilities


You were on level 5 of the Dungeon.
You were not hungry.

You visited 1 branch of the dungeon, and saw 5 of its levels.

You collected 202 gold pieces.
You spent 121 gold pieces at shops.

Inventory:

Hand weapons
 a - a +2 dagger
 b - a +0 blowgun
 m - a +0 dagger of venom
 s - a +1 dagger of venom (weapon)
 A - a +2 shortbow of freezing
 B - a +0 hunting sling of freezing
 I - a +1 falchion
 J - a +2 great sword
Missiles
 e - 8 poisoned needles
 f - 2 curare-tipped needles
 y - 2 throwing nets (quivered)
 E - 18 stones
Armour
 j - a +0 shield
Jewellery
 G - an amulet of guardian spirit (around mantle)
Magical devices
 u - a wand of invisibility (7)
Scrolls
 h - a scroll of fog
 l - a scroll of identify
Potions
 d - a potion of cancellation
 n - 4 potions of flight
 q - a potion of degeneration {unknown}
 t - a potion of restore abilities
 z - a potion of ambrosia {unknown}
 C - a potion of brilliance {unknown}
Comestibles
 c - 2 fruits
 g - 3 bread rations
 i - 2 slices of pizza
 o - 2 beef jerkies
 w - a royal jelly


   Skills:
 + Level 3.5 Fighting
 * Level 3.5 Short Blades
 - Level 2.0 Throwing
 + Level 4.0 Dodging
 * Level 11.7 Stealth
 + Level 1.7 Shields


You had 7 spell levels left.
You didn't know any spells.

Dungeon Overview and Level Annotations

Branches:
Dungeon (5/15)
 Temple: D:4-7

Altars:
Kikubaaqudgha
Qazlal

Shops:
D:4 %[(}


Innate Abilities, Weirdness & Mutations

You cannot wear most types of armour.
You are amphibious.
You can wear up to eight rings at the same time.
You can use your tentacles to constrict many enemies at once.
Your skin changes colour to match your surroundings (Stealth).
Your rubbery body absorbs attacks (AC +1).
You are partially covered in rough black scales (AC +4, Dex -1).
You are clumsy. (Dex -2)
Potions and wands are less effective at restoring your health.


Message History

Something smites you!
* * * LOW HITPOINT WARNING * * *
You see here 12 gold pieces.
The orc priest calls down the wrath of Beogh upon you.
Something smites you!
* * * LOW HITPOINT WARNING * * *
Drink which item? (? for menu, Esc to quit)
It was a potion of cancellation.
You feel magically purged.
Drink which item? (? for menu, Esc to quit)
It was a potion of curing.
You feel better.
The orc priest utters an invocation to Beogh.
You feel troubled.
Items here: )) [ ††† The orc priest calls down the wrath of Beogh upon you.
Something smites you!
* * * LOW HITPOINT WARNING * * *
A giant gecko skeleton comes into view.
The orc priest invokes the aid of Beogh against you.
Pain shoots through your body!
You die...

........##..o##### .
#..#.####....# ..#.##..#..#
####o## ....#.##.)...##
#.o# ##......##..### ##.###
#...##.###..).# #...##
.####.#.#..####.#.######o..
....[.....†..).o....$.##...
..........@###........##...
............#
#.........#...
........<...#
#.............
............#
###########... ...........#
#... o..........# #...
...........# #...
........Z## #### .##.....##


You could see an orc priest and a giant gecko skeleton (wandering).

Vanquished Creatures
  Grinder (D:3)
  2 ogres (D:4)
  Sigmund (D:2)
  A scorpion (D:4)
  5 wights (D:4)
  A hound (D:4)
  4 orc priests
  An iguana (D:4)
  3 orc wizards
  A worker ant (D:4)
  Jessica (D:2)
  4 gnolls (D:4)
  3 adders
  A worm (D:3)
  2 giant mites
  4 giant geckos
  15 orcs
  2 ball pythons
  5 giant cockroaches
  8 goblins
  5 hobgoblins
  18 jackals
  6 kobolds
  2 quokkas
  8 bats
  A giant gecko skeleton (D:4)
  2 giant newts (D:4)
  14 rats
  2 plants (D:1)
123 creatures vanquished.

Notes
Turn   | Place    | Note
--------------------------------------------------------------
     0 | D:1      | valak23, the Octopode Assassin, began the quest for the Orb.
     0 | D:1      | Reached XP level 1. HP: 14/14 MP: 1/1
   121 | D:1      | Reached XP level 2. HP: 19/19 MP: 2/2
   214 | D:1      | Reached skill level 6 in Stealth
   649 | D:2      | Noticed Sigmund
   684 | D:2      | Gained mutation: Potions and wands are less effective at restoring your health. [potion of mutation]
   684 | D:2      | Gained mutation: You are partially covered in rough black scales (AC +4, Dex -1). [potion of mutation]
   684 | D:2      | Gained mutation: You are clumsy. (Dex -2) [potion of mutation]
   700 | D:2      | Killed Sigmund
   700 | D:2      | Reached skill level 7 in Stealth
   700 | D:2      | Reached XP level 3. HP: 7/25 MP: 3/3
   700 | D:2      | Reached XP level 4. HP: 8/30 MP: 4/4
   833 | D:2      | Noticed Jessica
   848 | D:2      | Killed Jessica
   848 | D:2      | Reached XP level 5. HP: 30/35 MP: 5/5
  1254 | D:3      | Reached skill level 8 in Stealth
  1259 | D:3      | Noticed Grinder
  1273 | D:3      | Killed Grinder
  1273 | D:3      | Reached skill level 9 in Stealth
  1273 | D:3      | Reached XP level 6. HP: 38/42 MP: 6/6
  1873 | D:3      | Reached skill level 1 in Shields
  2030 | D:3      | Reached XP level 7. HP: 46/46 MP: 7/7
  2260 | D:4      | Reached skill level 10 in Stealth
  2355 | D:4      | Found Mnuofienn's Antique Armour Shoppe.
  2356 | D:4      | Found Werr's Antique Weapon Shoppe.
  2372 | D:4      | Bought a glowing shortbow for 81 gold pieces
  2372 | D:4      | Bought a glowing hunting sling for 40 gold pieces
  2386 | D:4      | Found Naakhlaff's Gadget Emporium.
  2423 | D:4      | Found a stormy altar of Qazlal.
  2875 | D:4      | Found Dill's Food Shoppe.
  3184 | D:4      | Found an ancient bone altar of Kikubaaqudgha.
  3360 | D:4      | Reached XP level 8. HP: 28/52 MP: 4/8
  3530 | D:4      | Reached skill level 11 in Stealth
  4060 | D:5      | Entered Level 5 of the Dungeon
  4188 | D:5      | HP: 2/52 [orc priest/divine providence (14)]
  4196 | D:5      | HP: 1/52 [orc priest/divine providence (9)]
  4198 | D:5      | Killed from afar by an orc priest

Action                   |  1- 3 |  4- 6 |  7- 9 || total
-------------------------+-------+-------+-------++-------
Melee: Dagger            |    92 |    83 |   122 ||   297
  Use: Potion            |     3 |     1 |     3 ||     7
       Scroll            |       |     1 |     9 ||    10
 Stab: Sleeping          |     5 |    10 |    19 ||    34
       Invisible         |     1 |       |       ||     1
       Distracted        |       |     1 |       ||     1
  Eat: Meat ration       |       |     1 |       ||     1
       Bread ration      |       |       |     2 ||     2
